 Dungeon Crawl Stone Soup version 0.21.1-1-g345015f (webtiles) character file.

662 poirepourri the Thaumaturge (level 7, 0/36 HPs)
             Began as a Deep Elf Conjurer on July 19, 2018.
             Was an Initiate of Vehumet.
             Slain by a slime creature (19 damage)
             ... on level 5 of the Dungeon.
             The game lasted 00:05:28 (5149 turns).

poirepourri the Thaumaturge (Deep Elf Conjurer)     Turns: 5149, Time: 00:05:29

Health: 0/36       AC:  6    Str:  5    XL:     7   Next: 30%
Magic:  7/21       EV: 13    Int: 22    God:    Vehumet [......]
Gold:   274        SH:  0    Dex: 15    Spells: 5/23 levels left

rFire    . . .     SeeInvis .   a - +3 short sword (venom)
rCold    + . .     Gourm    .   (no shield)
rNeg     . . .     Faith    .   g - +0 robe
rPois    .         Spirit   .   r - +0 helmet
rElec    .         Reflect  .   (no cloak)
rCorr    .         Harm     .   i - +1 pair of gloves
MR       .....                  h - +0 pair of boots
Stlth    ++........             (no amulet)
HPRegen  0.12/turn              t - ring of protection from cold
MPRegen  0.17/turn              (no ring)

@: no status effects
A: no striking features
a: Renounce Religion


You were on level 5 of the Dungeon.
You worshipped Vehumet.
Vehumet was noncommittal.
You were not hungry.

You visited 2 branches of the dungeon, and saw 6 of its levels.

You collected 274 gold pieces.

Inventory:

Hand Weapons
 a - a +3 short sword of venom (weapon)
Missiles
 s - 5 javelins (quivered)
Armour
 g - a +0 robe (worn)
 h - a +0 pair of boots (worn)
 i - a +1 pair of gloves (worn)
 r - a +0 helmet (worn)
Jewellery
 t - a ring of protection from cold (left hand)
Wands
 p - a wand of polymorph (16)
 v - a wand of random effects (31)
Scrolls
 f - a scroll of remove curse
 u - a scroll of amnesia {unknown}
 w - 2 scrolls of fear {unknown}
Potions
 d - 2 potions of curing {unknown}
 e - 2 potions of ambrosia {unknown}
 j - a potion of lignification {unknown}
 k - 2 potions of brilliance {unknown}
 l - 3 potions of berserk rage {unknown}
 m - a potion of cancellation {unknown}
 n - 3 potions of resistance {unknown}
 q - 2 potions of heal wounds {unknown}
Books
 b - a book of Conjurations

   Spells                             Type                      Level
   a - Magic Dart                     Conjuration                  1
   b - Searing Ray                    Conjuration                  2
   c - Dazzling Spray                 Conjuration/Hexes            3
   d - Fulminant Prism                Conjuration/Hexes            4
   e - Force Lance                    Conjuration/Translocation    4
   f - Iskenderun's Mystic Blast      Conjuration                  4
 o - a book of Callings

   Spells                             Type                      Level
   a - Summon Small Mammal            Summoning                    1
   b - Call Imp                       Summoning                    2
   c - Call Canine Familiar           Summoning                    3
   d - Summon Guardian Golem          Hexes/Summoning              3
   e - Summon Lightning Spire         Summoning/Air                4
   f - Summon Ice Beast               Ice/Summoning                4
Comestibles
 c - 5 rations


   Skills:
 - Level 2.4 Dodging
 - Level 2.4 Stealth
 + Level 8.7 Spellcasting
 - Level 7.0 Conjurations


You had 5 spell levels left.
You knew the following spells:

 Your Spells              Type           Power        Failure   Level  Hunger
a - Magic Dart            Conj           ####         1%          1    None
b - Searing Ray           Conj           #####.       1%          2    None
c - Dazzling Spray        Conj/Hex       ####..       4%          3    None
d - Fulminant Prism       Conj/Hex       ####......   16%         4    ##.....
e - Force Lance           Conj/Tloc      ####....     16%         4    ##.....
f - Iskenderun's Mystic   Conj           #####...     3%          4    ##.....


Dungeon Overview and Level Annotations

Branches:
Dungeon (5/15)             Temple (1/1) D:4

Altars:
Ashenzari
Cheibriados
Dithmenos
Elyvilon
Fedhas
Gozag
Hepliaklqana
Kikubaaqudgha
Makhleb
Nemelex Xobeh
Okawaru
Qazlal
Ru
Sif Muna
Trog
Uskayaw
Vehumet
Wu Jian
Yredelemnul
Zin
The Shining One

Annotations:
D:3 Rwicked's ghost, amateur GrEE


Message History

Casting: Magic Dart
Confirm with . or Enter, or press ? or * to list all spells.
Aiming: Searing Ray
Press: ? - help, Shift-Dir - straight line, f/p - slime creature
Aim: a slime creature (lightly wounded)
The searing ray hits the slime creature.
The slime creature is lightly wounded. (Press . to maintain the ray.)
The searing ray hits the slime creature.
The slime creature is moderately wounded.
The searing ray hits the slime creature.
The slime creature is moderately wounded.
The searing ray hits the slime creature.
The slime creature is heavily wounded.
The searing ray hits the ooze.
The ooze is almost dead.
You finish channeling your searing ray.
The slime creature hits you! The slime creature hits you!!
Ouch! That really hurt!
You die...

#... #... #...
#... ##### #....
######' ###....
##JJ....#
#......
#@########
#.#....
##..)....#
#†#....
####....#
#.#....
#.......#
#†#####
#.......# #.#
#.......# #†#
#.......# #.#
##....)## #†#
##...#####.#####


You could see a slime creature and an ooze.

Vanquished Creatures
  A centaur (D:5)
  2 big kobolds (D:5)
  A scorpion (D:4)
  A howler monkey (D:5)
  3 jellies (D:5)
  A centaur skeleton (D:4)
  Terence (D:3)
  An iguana (D:4)
  3 worker ants (D:4)
  3 adders
  5 worms
  2 dart slugs
  6 orcs
  7 bats
  3 giant cockroaches
  5 goblins
  6 hobgoblins
  10 jackals
  7 kobolds
  A quokka (D:4)
  A ball python (D:4)
  3 frilled lizards
  A jackal skeleton (D:4)
  3 rats (D:1)
77 creatures vanquished.

Vanquished Creatures (others)
  5 fungi (D:5)
  11 toadstools (D:5)
16 creatures vanquished.

Grand Total: 93 creatures vanquished

Notes
Turn   | Place    | Note
-------+----------+-------------------------------------------
     0 | D:1      | poirepourri the Deep Elf Conjurer began the quest for the Orb.
     0 | D:1      | Reached XP level 1. HP: 10/10 MP: 6/6
   250 | D:1      | Reached skill level 4 in Spellcasting
   250 | D:1      | Reached XP level 2. HP: 5/15 MP: 0/9
   422 | D:1      | Learned a level 2 spell: Searing Ray
  1568 | D:2      | Reached XP level 3. HP: 19/19 MP: 9/11
  1599 | D:2      | Reached skill level 5 in Spellcasting
  1927 | D:2      | Found a bloodstained altar of Trog.
  2120 | D:3      | Noticed Terence
  2127 | D:3      | Killed Terence
  2343 | D:3      | Reached XP level 4. HP: 24/24 MP: 9/13
  2348 | D:3      | Reached skill level 6 in Spellcasting
  2555 | D:3      | Found a shadowy altar of Dithmenos.
  2711 | D:3      | Noticed Rwicked's ghost (amateur GrEE)
  2952 | D:4      | Reached skill level 7 in Spellcasting
  3068 | D:4      | Reached skill level 5 in Conjurations
  3068 | D:4      | Reached XP level 5. HP: 28/28 MP: 8/16
  3393 | D:4      | Learned a level 3 spell: Dazzling Spray
  3398 | D:4      | Learned a level 4 spell: Fulminant Prism
  3403 | D:4      | Learned a level 4 spell: Force Lance
  3408 | D:4      | Learned a level 4 spell: Iskenderun's Mystic Blast
  3499 | D:4      | Reached XP level 6. HP: 23/32 MP: 5/18
  3764 | D:4      | Found a staircase to the Ecumenical Temple.
  3962 | D:4      | Found a deep blue altar of Sif Muna.
  4287 | Temple   | Entered the Ecumenical Temple
  4372 | Temple   | Became a worshipper of Vehumet
  4481 | D:5      | Entered Level 5 of the Dungeon
  4858 | D:5      | Found a sacrificial altar of Ru.
  5089 | D:5      | Reached skill level 8 in Spellcasting
  5089 | D:5      | Reached XP level 7. HP: 33/36 MP: 14/20
  5137 | D:5      | Noticed a slime creature
  5139 | D:5      | Noticed a slime creature
  5143 | D:5      | Noticed a slime creature
  5149 | D:5      | Slain by a slime creature

Skill      XL: |  1  2  3  4  5  6 |
---------------+-------------------+-----
Spellcasting   | 4 5 7 8 |  8.7
Conjurations   | 5 7 |  7.0
Dodging        | |  2.4
Stealth        | |  2.4

Action                   |  1- 3 |  4- 6 |  7- 9 || total
-------------------------+-------+-------+-------++-------
Melee: Unarmed           |     2 |       |       ||     2
       Short sword       |       |     3 |       ||     3
 Cast: Magic Dart        |    55 |    75 |     5 ||   135
       Searing Ray       |     7 |    16 |     2 ||    25
       Dazzling Spray    |       |     2 |       ||     2
  Use: Scroll            |     5 |     3 |       ||     8
  Eat: Ration            |     2 |     2 |       ||     4
Armor: Robe              |     8 |     6 |       ||    14
Dodge: Dodged            |    24 |    19 |       ||    43
